 Dungeon Crawl Stone Soup version 0.19-a0-990-gf36c7f1 (webtiles) character file.

872 Implojin the Grappler (level 7, -2/66 HPs)
             Began as a Troll Fighter on July 14, 2016.
             Was an Initiate of Cheibriados.
             Slain by an orc warrior
             ... wielding a +0 war axe
              (19 damage)
             ... on level 9 of the Dungeon.
             The game lasted 00:07:09 (1399 turns).

Implojin the Grappler (Troll Fighter)               Turns: 1399, Time: 00:07:10

Health: -2/66      AC:  5    Str: 30    XL:     7   Next: 74%
Magic:  3/6        EV: 13    Int:  5    God:    Cheibriados [......]
Gold:   11         SH: 11    Dex: 17    Spells: 0 memorised, 6 levels left

rFire  . . .     SeeInvis .       - Unarmed
rCold  . . .     Gourm    +     a - +0 robe
rNeg   . . .     Faith    .     b - +1 shield
rPois  .         Spirit   .     (helmet restricted)
rElec  .         Dismiss  .     (no cloak)
rCorr  .         Reflect  .     (gloves unavailable)
SustAt .         Harm     .     (boots unavailable)
MR     .....                    (no amulet)
Stlth  +++.......               (no ring)
                                k - +4 ring of strength

@: agile, very slow, not resistant to hostile enchantments, fairly stealthy
A: unfitting armour, claws 3, fast metabolism 3, gourmand, regeneration 2,
shaggy fur 1, tough skin 2
a: Bend Time, Renounce Religion


You were on level 9 of the Dungeon.
You worshipped Cheibriados.
Cheibriados was noncommittal.
You were not hungry.

You visited 2 branches of the dungeon, and saw 10 of its levels.

You collected 11 gold pieces.

Inventory:

Missiles
 g - 5 javelins of returning (quivered)
Armour
 a - a +0 robe (worn)
 b - a +1 shield (worn)
Jewellery
 h - an uncursed ring of fire {unknown}
 k - a +4 ring of strength (left claw)
 r - an uncursed amulet of dismissal {unknown}
Wands
 m - a wand of acid (8/15)
 o - a wand of digging (12/24)
Scrolls
 n - a scroll of magic mapping
Potions
 i - a potion of curing
 p - a potion of haste
 q - a potion of cancellation {unknown}
Comestibles
 c - 2 chunks of flesh
 d - a bread ration
 l - a royal jelly


   Skills:
 - Level 2.4 Fighting
 - Level 2.4 Dodging
 - Level 2.4 Shields
 * Level 9.1 Unarmed Combat


You had 6 spell levels left.
You didn't know any spells.

Dungeon Overview and Level Annotations

Branches:
Dungeon (9/15)             Temple (1/1) D:5             Orc (0/2) D:9
   Lair: D:8-11

Altars:
Ashenzari
Cheibriados
Elyvilon
Gozag
Hepliaklqana
Kikubaaqudgha
Makhleb
Nemelex Xobeh
Pakellas
Qazlal
Ru
Sif Muna
Trog
Vehumet
Xom
Yredelemnul
Zin


Innate Abilities, Weirdness & Mutations

You are too large for most types of armour.
You have claws for hands.
Your metabolism is lightning-fast.
You like to eat raw meat.
You heal very quickly.
You are covered in fur. (AC +1)
You have very tough skin. (AC +2)


Message History

Unknown command.
You scratch the orc.
The orc is lightly wounded.
* * * LOW HITPOINT WARNING * * *
You feel very sick. The orc hits you but does no damage.
The orc warrior barely misses you. You block the orc's attack.
The orc priest moves out of view.
Unknown command.
Unknown command.
You scratch the orc but do no damage.
The orc is lightly wounded.
* * * LOW HITPOINT WARNING * * *
You feel sick. The orc barely misses you.
The orc warrior hits you but does no damage.
Unknown command.
Unknown command.
You scratch the orc warrior but do no damage.
* * * LOW HITPOINT WARNING * * *
You feel sick. You block the orc's attack. The orc warrior misses you.
Unknown command.
Okay, then.
You fail to use your ability.
* * * LOW HITPOINT WARNING * * *
You feel sick. The orc warrior barely misses you. The orc closely misses you.
Unknown command.
You fail to use your ability.
* * * LOW HITPOINT WARNING * * *
You feel sick. The orc warrior barely misses you.
The orc warrior closely misses you. You block the orc's attack.
Unknown command.
Okay, then.
You feel better. The orc warrior misses you.
The orc warrior closely misses you. You block the orc's attack.
Unknown command.
The flow of time bends around you.
The orc warrior resists with some effort. x2
Cheibriados rebukes the orc.
The orc seems to slow down.
You feel slightly more hungry.
The orc warrior hits you with a war axe!!
You die...

,,*,**,,,*,,,,,** ***** ***
*,*,,,*****************,,,* **,,
,,,,,,,,#....,,>,,,,,,*,,,* **,,,
,,,,,,,,#....,,,,,,,,,#,,,***,,,,
,,,,,,,,#o..⌠,,_,,⌠,,.#,,,,**,,,,
,,,,,,,,#.o.o,,,,,,,o.#,,,,,,,,,,
,,,,,,,,#....,,8,,ooo.#,,,***,,,,
,,,,,,..##8'8#####8o8##.,,* *,,,,
,,,,,........ooo@ooZ....,,* **,,,
,,,,,........ooo##o.#...,,* *,,,,
#**,.#.......#oo#**.#,,,,,* *,,,,
####....###..#...#*,#,,,*****,,,,
........#*#..#.#..#,,<,,>,,,,,,,,
###...#,,,.........#,,*,,,***,,,,
....#****##..........,,,,,* **,,,
..#########.......#..,,,,,* **,,
...<.........,...,,..,,**,*******


You could see 2 orc warriors, an orc priest, 12 orcs and a centaur skeleton.

Vanquished Creatures
  Grinder (D:3)
  A soldier ant (D:9)
  An orc warrior (D:6)
  A necrophage (D:8)
  A giant frog (D:6)
  A scorpion (D:4)
  A howler monkey (D:6)
  A hound (D:7)
  A centaur skeleton (D:6)
  An iguana (D:6)
  A worker ant (D:6)
  2 hound skeletons (D:6)
  A hound zombie (D:5)
  3 gnolls (D:3)
  2 adders
  An ooze (D:3)
  3 adder zombies
  3 giant geckos
  2 orcs (D:6)
  3 giant cockroaches
  4 hobgoblins (D:3)
  A giant gecko skeleton (D:4)
  3 giant newts
  3 goblins
  2 rats
44 creatures vanquished.

Notes
Turn   | Place    | Note
-------+----------+-------------------------------------------
     0 | D:1      | Implojin the Troll Fighter began the quest for the Orb.
     0 | D:1      | Reached XP level 1. HP: 22/22 MP: 0/0
   305 | D:3      | Found a sparkling altar of Nemelex Xobeh.
   305 | D:3      | Noticed Grinder
   327 | D:3      | Killed Grinder
   327 | D:3      | Reached skill level 5 in Unarmed Combat
   327 | D:3      | Reached XP level 2. HP: 14/29 MP: 1/1
   327 | D:3      | Reached XP level 3. HP: 18/36 MP: 2/2
   327 | D:3      | Reached XP level 4. HP: 22/44 MP: 3/3
   327 | D:3      | Reached XP level 5. HP: 25/50 MP: 4/4
   348 | D:3      | Found a glowing silver altar of Zin.
   483 | D:3      | Reached skill level 6 in Unarmed Combat
   596 | D:4      | Reached XP level 6. HP: 52/59 MP: 5/5
   609 | D:5      | Entered Level 5 of the Dungeon
   611 | D:5      | Found a shattered altar of Ashenzari.
   643 | D:5      | You fall through a shaft for 3 floors!
   717 | D:8      | Reached skill level 7 in Unarmed Combat
   729 | D:7      | Found a hazy altar of Hepliaklqana.
   769 | D:6      | Found a hazy altar of Hepliaklqana.
   893 | D:6      | Found a shimmering altar of Xom.
   951 | D:6      | Reached XP level 7. HP: 66/66 MP: 6/6
  1169 | D:5      | Found a staircase to the Ecumenical Temple.
  1175 | Temple   | Entered the Ecumenical Temple
  1236 | Temple   | Paralysed by fainting for 6 turns
  1245 | Temple   | Became a worshipper of Cheibriados the Contemplative
  1262 | D:5      | Reached skill level 8 in Unarmed Combat
  1392 | D:9      | Reached skill level 9 in Unarmed Combat
  1399 | D:9      | Slain by an orc warrior

Vault maps used:
D:1:      lightli_iron_boxes
D:3:      nicolae_overflow_crystal_walls, old_standard_altar, first_bread,
          uniq_grinder
D:4:      kennysheep_mini_moat, uniq_crazy_yiuf_cottage
D:5:      lemuel_coloured_pillars_altar, tso_altar, serial_shops,
          nicolae_shop_crystal, nicolae_ashenzari_panopticon, uniq_pikel
D:6:      lemuel_doored_altar, nicolae_overflow_hidden_temple,
          grunt_gozag_breadcrumbs
D:7:      lemuel_centaur_altar, uniq_joseph
D:8:      old_standard_altar, okawaru_gym_becter, hangedman_ranch
D:9:      david_orc_5, uniq_erolcha
Temple:   dshaligram_water_room_temple

Skill      XL: |  1  2  3  4  5  6  7 |
---------------+----------------------+-----
Unarmed Combat | 5 6 7 9 |  9.1
Fighting       | |  2.4
Dodging        | |  2.4
Shields        | |  2.4

Action                   |  1- 3 |  4- 6 |  7- 9 || total
-------------------------+-------+-------+-------++-------
Melee: Unarmed           |    45 |    89 |    29 ||   163
Invok: Bend Time         |       |       |     1 ||     1
  Use: Potion            |     1 |       |     3 ||     4
       Scroll            |       |       |    10 ||    10
  Eat: Chunk             |     6 |       |     3 ||     9
       Bread ration      |       |       |     1 ||     1
Armor: Robe              |    14 |    25 |    10 ||    49
Dodge: Dodged            |    16 |    30 |    22 ||    68
Block: Shield            |    19 |    51 |    21 ||    91

Table legend:
 A = Turns spent in this place as a percentage of turns spent in the entire game.
 B = Non-inter-level travel turns spent in this place as a percentage of non-inter-level travel turns spent in the entire game.
 C = Inter-level travel turns spent in this place as a percentage of turns spent in this place.
 D = Turns resting spent in this place as a percentage of non-inter-level travel turns spent in this place.
 E = Turns spent auto-exploring this place as a percentage of non-inter-level travel turns spent in this place.
 F = Non-inter-level travel turns spent in this place divided by the number of levels of this place that you've seen.
                   A       B       C       D       E      F
               +-------+-------+-------+-------+-------+----------------------
         Total | 100.0 | 100.0 |   0.0 |   0.0 |   0.0 | 144.1
       Dungeon |  94.9 |  94.9 |   0.0 |   0.0 |   0.0 | 152.0
        Temple |   5.1 |   5.1 |   0.0 |   0.0 |   0.0 |  73.0
               +-------+-------+-------+-------+-------+----------------------

Table legend:
 A = Kills in this place as a percentage of kills in entire the game.
 B = Kills by you in this place as a percentage of kills by you in the entire game.
 C = Kills by friends in this place as a percentage of kills by friends in the entire game.
 D = Other kills in this place as a percentage of other kills in the entire game.
 E = Experience gained in this place as a percentage of experience gained in the entire game.
 F = Experience gained in this place divided by the number of levels of this place that you have seen.
                   A       B       C       D       E      F
               +-------+-------+-------+-------+-------+----------------------
         Total | 100.0 | 100.0 |  -nan |  -nan | 100.0 | 124.7
       Dungeon | 100.0 | 100.0 |  -nan |  -nan | 100.0 | 138.6
               +-------+-------+-------+-------+-------+----------------------
